 Dungeon Crawl Stone Soup version 0.31.0-11-ge490571c62 (webtiles) character file.

Game seed: 3682244537773363479

28 qw the Shooter (level 2, -1/16 HPs)
             Began as a Deep Elf Hunter on Feb 3, 2024.
             Killed from afar by Sigmund (8 damage)
             ... with a magic dart
             ... on level 2 of the Dungeon.
             The game lasted 00:00:03 (1165 turns).

qw the Shooter (Deep Elf Hunter)                    Turns: 1165, Time: 00:00:03

Health: -1/16      AC:  6    Str:  8    XL:     2   Next: 96%
Magic:  4/4        EV: 10    Int: 13    God:
Gold:   85         SH:  5    Dex: 18    Spells: 1/1 levels left

rFire   . . .        a - +0 shortbow
rCold   . . .        (shield currently unavailable)
rNeg    . . .        h - +1 ring mail
rPois   .            (no helmet)
rElec   .            (no cloak)
rCorr   .            (no gloves)
SInv    .            (no boots)
Will    .....        g - amulet of reflection
Stlth   +            (no ring)
HPRegen 0.22/turn    (no ring)
MPRegen 0.09/turn

%: reflection
@: no status effects
A: no striking features
a: no special abilities


You were on level 2 of the Dungeon.
You visited 1 branch of the dungeon, and saw 2 of its levels.

You collected 85 gold pieces.


   Skills:
 - Level 1.5 Fighting
 + Level 6.6 Ranged Weapons
 - Level 2.4 Dodging
 - Level 1.2 Stealth


You had one spell level left.
You didn't know any spells.
Your spell library was empty.

Inventory:

Hand Weapons
 a - a +0 shortbow (weapon)
Armour
 d - a +0 pair of boots
 h - a +1 ring mail (worn)
Jewellery
 g - an amulet of reflection (around neck)
Scrolls
 e - 3 scrolls of identify
 i - a scroll of immolation {unknown}
Potions
 b - a potion of degeneration {unknown}
 c - a potion of resistance {unknown}
 f - a potion of heal wounds

Dungeon Overview and Level Annotations

Branches:
Dungeon (2/15)

Altars:

Shops:
D:1 =

Annotations:
D:2 Sigmund


Message History

Sigmund the Dreaded comes into view.
He is wielding a +0 scythe.
Sigmund shouts!
Sigmund moves out of view.
Sigmund is nearby!
You shoot an arrow. The arrow closely misses Sigmund.
You shoot an arrow. The arrow closely misses Sigmund.
A rat comes into view.
You shoot an arrow. The arrow closely misses Sigmund.
The rat squeaks loudly.
Sigmund casts a spell at you. The magic dart hits you.
You shoot an arrow. The arrow hits Sigmund!
Sigmund is moderately wounded.
You block Sigmund's attack.
You shoot an arrow.
The arrow hits Sigmund but does no damage.
Sigmund is moderately wounded.
Sigmund closely misses you.
You shoot an arrow. The arrow hits Sigmund.
Sigmund is moderately wounded.
Sigmund hits you but does no damage.
You shoot an arrow. The arrow barely misses the rat.
The rat bites you but does no damage.
Sigmund casts a spell.
Sigmund flickers and vanishes!
Deactivating autopickup; reactivate with Ctrl-A.
You shoot an arrow. The arrow barely misses the rat.
The rat barely misses you. Something hits you!
The rat bites you but does no damage.
You shoot an arrow. The arrow barely misses the rat.
Something hits you but does no damage. You block the rat's attack.
You shoot an arrow. The arrow completely misses the rat.
The rat bites you but does no damage.
You shoot an arrow. The arrow closely misses the rat.
Something hits you but does no damage. The rat closely misses you.
You shoot an arrow. The arrow barely misses the rat.
A magic dart appears from out of thin air!
The magic dart hits you!
Ouch! That really hurt!
You die...

#..........##
#............
.#..#..####.#>
#........# #
.....#.#.###.#.#
###.##.#.......+
#. #.#..##.### #
#.#>.##.#
#.#.@%..#
#.##.r..# .){..#
####.... #$###
.. ... .##


You could see a rat.

Vanquished Creatures
  A dart slug (D:1)
  5 ball pythons
  2 giant cockroaches (D:1)
  A goblin (D:1)
  A hobgoblin (D:1)
  A kobold (D:1)
  3 quokkas
  4 bats
  A frilled lizard (D:1)
  7 rats
26 creatures vanquished.

Notes
Turn   | Place    | Note
-------+----------+-------------------------------------------
     0 | D:1      | qw the Deep Elf Hunter began the quest for the Orb.
     0 | D:1      | Reached XP level 1. HP: 12/12 MP: 3/3
     0 | D:1      | 0 ||| qw: Version: 0.3-a-158-g18b3111
     0 | D:1      | 0 ||| qw: Game counter: 4205
     0 | D:1      | 0 ||| qw: Melee chars always use a shield: true
     0 | D:1      | 0 ||| qw: God list: Okawaru
     0 | D:1      | 0 ||| qw: Allow faded altars: false
     0 | D:1      | 0 ||| qw: Do Orc after clearing Dungeon:15 true
     0 | D:1      | 0 ||| qw: Do second Lair branch before Depths: true
     0 | D:1      | 0 ||| qw: Lair rune preference: random
     0 | D:1      | 0 ||| qw: Goals: Normal
     0 | D:1      | 0 ||| PLANNING D:1-11
   247 | D:1      | Reached skill level 6 in Ranged Weapons
   247 | D:1      | Reached XP level 2. HP: 11/16 MP: 4/4
   519 | D:1      | Found a faded altar of an unknown god.
   706 | D:1      | Found Isinovug's Jewellery Boutique.
   709 | D:1      | 709 ||| SHOPLISTING +4 ring of protection (432 gold, have
                  | 47).
   709 | D:1      | 709 ||| SHOPLISTING +6 ring of strength (432 gold, have
                  | 47).
   709 | D:1      | 709 ||| SHOPLISTING ring of ice (300 gold, have 47).
   709 | D:1      | 709 ||| SHOPLISTING ring of willpower (300 gold, have 47).
   856 | D:1      | 856 ||| UPGRADING to +0 ring mail.
   866 | D:1      | 866 ||| DROPPING +0 leather armour.
   867 | D:1      | 867 ||| UPGRADING to amulet of reflection.
   872 | D:1      | 872 ||| READING scroll labelled ATOACYQUEGH.
   872 | D:1      | 872 ||| ENCHANTING +0 ring mail.
   873 | D:1      | 873 ||| READING 3 scrolls labelled QOR DUFASTE.
   873 | D:1      | 873 ||| IDENTIFYING black potion
   874 | D:1      | 874 ||| DROPPING scroll of butterflies.
  1152 | D:2      | Noticed Sigmund
  1165 | D:2      | Killed from afar by Sigmund

Levels and vault maps discovered:
D:1:      saegor_arrival_simple_d, layout_basic, ebering_ecumenical_altar_webs,
          serial_shops, nicolae_shop_real_fake_doors, dk_noncrumbling_4,
          st_stairs_4
D:2:      layout_loops_ring, solitary_fountain, chequers_serial_rivers_room_a,
          serial_park_tiny_pond, ebering_dispersal_statue_hall,
          chequers_serial_rivers_small_b, uniq_sigmund

Skill      XL: |  1 |
---------------+----+-----
Ranged Weapons | 6 |  6.6
Fighting       | |  1.5
Dodging        | |  2.4
Stealth        | |  1.2

Action                     || total
---------------------------++-------
   Fire: Shortbow          ||    79
    Use: Scroll            ||     2
 Armour: Leather armour    ||    11
         Ring mail         ||    10
  Dodge: Dodged            ||    19
  Block: Other             ||     3

Table legend:
 A = Non-vault XP
 B = Vault XP
 C = Vault XP percentage of total XP
 D = Non-vault monster count
 E = Vault monster count
 F = Vault count percentage of total count
                 A         B        C        D         E       F
            +---------+---------+-------+---------+---------+-------
      Total |      36 |       4 |  10.0 |      24 |       2 |   7.7
            +---------+---------+-------+---------+---------+-------
        D:1 |      30 |       4 |  11.8 |      20 |       2 |   9.1
        D:2 |       6 |       0 |   0.0 |       4 |       0 |   0.0
            +---------+---------+-------+---------+---------+-------
